 Dungeon Crawl Stone Soup version 0.31.0-11-ge490571c62 (webtiles) character file.

Game seed: 3577059587833741412

287 mopl the Sneak (level 6, -3/28 HPs)
             Began as a Vine Stalker Enchanter on Feb 5, 2024.
             Splashed by a jelly's acid (7 damage)
             ... on level 4 of the Dungeon.
             The game lasted 00:03:22 (2852 turns).

mopl the Sneak (Vine Stalker Enchanter)             Turns: 2852, Time: 00:03:22

Health: -3/28      AC: -2    Str: 10    XL:     6   Next: 30%
Magic:  0/12       EV: 12    Int: 17    God:
Gold:   194        SH:  5    Dex: 15    Spells: 4/12 levels left

rFire   . . .        a - +1 dagger
rCold   . . .        (no shield)
rNeg    + . .        b - +0 robe
rPois   .            (no helmet)
rElec   .            (no cloak)
rCorr   .            (no gloves)
SInv    .            (no boots)
Will    .....        n - amulet of reflection
Stlth   +++          q - ring of positive energy
HPRegen 1.04/turn    (no ring)
MPRegen 0.13/turn

%: reflection, guardian spirit
@: corroded
A: fangs 2, regeneration 1, magic shield, antimagic bite, no potion heal 2
a: no special abilities


You were on level 4 of the Dungeon.
You visited 1 branch of the dungeon, and saw 4 of its levels.

You collected 194 gold pieces.

Inventory:

Hand Weapons
 a - a +1 dagger (weapon)
Missiles
 m - 6 poisoned darts
Armour
 b - a +0 robe (worn)
 h - a +2 kite shield
Jewellery
 n - an amulet of reflection (around neck)
 q - a ring of positive energy (left hand)
Wands
 s - a wand of acid (8)
Scrolls
 d - 3 scrolls of blinking {unknown}
 f - a scroll of acquirement {unknown}
 i - 2 scrolls of vulnerability {unknown}
 j - 2 scrolls of teleportation {unknown}
 l - a scroll of identify {unknown}
 o - a scroll of enchant armour {unknown}
 p - a scroll of revelation {unknown}
Potions
 c - 2 potions of invisibility
 e - a potion of attraction {unknown}
 g - 2 potions of magic {unknown}
 k - 4 potions of enlightenment {unknown}
 r - a potion of might {unknown}


   Skills:
 + Level 2.1 Short Blades
 - Level 1.5 Dodging
 * Level 5.5 Stealth
 * Level 3.9 Spellcasting
 * Level 4.4 Hexes


You had 4 spell levels left.
You knew the following spells:

 Your Spells              Type           Power      Damage    Failure   Level
b - Ensorcelled Hibernat  Hex/Ice        20%        N/A       10%         2
c - Confusing Touch       Hex            18%        N/A       8%          3
d - Tukima's Dance        Hex            18%        N/A       8%          3

Your spell library contained the following spells:

 Spells                   Type           Power      Damage    Failure   Level
 Dazzling Flash           Conj/Hex       20%        N/A       19%         3
 Mercury Vapours          Alch/Air       6%         N/A       24%         2
 Mephitic Cloud           Conj/Alch/Air  3%         N/A       43%         3
 Freezing Cloud           Conj/Ice/Air   1%         6-21      99%         5


Dungeon Overview and Level Annotations

Branches:
Dungeon (4/15)
 Temple: D:4-7

Altars:
Cheibriados
Hepliaklqana
Makhleb
Qazlal
Yredelemnul

Shops:
D:1 (


Innate Abilities, Weirdness & Mutations

You have extremely sharp teeth.
Your natural rate of healing is unusually fast.
When hurt, damage is shared between your health and your magic reserves.
Your bite disrupts and absorbs the magic of your enemies.
Potions cannot restore your health.


Message History

You hit the jelly but do no damage.
Your hands burn!
You bite the jelly. You drain its power.
You feel invigorated.
The jelly is moderately wounded.
The jelly hits you but does no damage.
You hit the jelly.
Your hands burn!
The jelly is heavily wounded.
The jelly barely misses you.
You barely miss the jelly. Your bite misses the jelly.
The jelly is heavily wounded.
The jelly hits you but does no damage.
You hit the jelly but do no damage.
Your hands burn!
You punch the jelly. You bite the jelly. You drain its power.
You feel invigorated.
The jelly is severely wounded.
You hit the jelly.
Your hands burn!
The jelly is severely wounded.
You block the jelly's attack.
You hit the jelly.
Your hands burn!
The jelly is almost dead.
You block the jelly's attack.
You are too injured to fight recklessly!
You are too injured to fight recklessly!
You are too injured to fight recklessly!
You are too injured to fight recklessly!
You hit the jelly.
Your hands burn!
The jelly is almost dead.
The jelly hits you but does no damage.
You completely miss the jelly.
The jelly is almost dead.
The jelly hits you.
You are splashed with acid!
* * * LOW HITPOINT WARNING * * *
Casting: Ensorcelled Hibernation (safe; 10% risk of failure)
Confirm with . or Enter, or press ? or * to list all spells.
Aiming: Ensorcelled Hibernation (safe; 10% risk of failure)
Press: ? - help, Shift-Dir - straight line, f/p - jelly
Aim: a jelly (almost dead, chance to affect: 52%)
The jelly resists with significant effort.
The jelly hits you.
* * * LOW HITPOINT WARNING * * *
The acid corrodes you!
You are splashed with acid!
You die...

................(...##
#..................##
.......#...........#
..#..(.##..........#
..#................#
...................#
...................#
....#..[.........#.#
)..##......##...@#..#
[.<....#....###..J..#
..#....##...........#
..##...###...###......
... #### #. ..#.##...
..## #. ..#.# .# ... #
##### # ..# .##


You could see a jelly.

Vanquished Creatures
  A bombardier beetle (D:4)
  An iguana (D:4)
  5 adders
  2 dart slugs (D:2)
  2 ribbon worms
  2 ball pythons
  4 bats (D:1)
  2 endoplasms (D:1)
  2 giant cockroaches
  7 goblins
  4 hobgoblins
  5 jackals
  4 kobolds
  4 quokkas
  2 frilled lizards
  9 rats
56 creatures vanquished.

Vanquished Creatures (collateral kills)
  Edmund (D:4)
1 creature vanquished.

Grand Total: 57 creatures vanquished

Notes
Turn   | Place    | Note
-------+----------+-------------------------------------------
     0 | D:1      | mopl the Vine Stalker Enchanter began the quest for the
                  | Orb.
     0 | D:1      | Reached XP level 1. HP: 9/9 MP: 4/4
    45 | D:1      | Reached skill level 1 in Short Blades
    59 | D:1      | Reached XP level 2. HP: 13/13 MP: 4/6
    62 | D:1      | Learned a level 2 spell: Ensorcelled Hibernation
   119 | D:1      | Found Hihyjur's Antique Weapon Shop.
   213 | D:1      | Reached skill level 4 in Stealth
   762 | D:1      | Reached XP level 3. HP: 16/16 MP: 7/7
   938 | D:2      | Learned a level 3 spell: Confusing Touch
  1301 | D:2      | Reached XP level 4. HP: 21/21 MP: 9/9
  1305 | D:2      | Learned a level 3 spell: Tukima's Dance
  1779 | D:2      | Found a stormy altar of Qazlal.
  2126 | D:3      | Found a burning altar of Makhleb.
  2365 | D:4      | Noticed Edmund
  2377 | D:4      | Killed Edmund
  2378 | D:4      | Reached skill level 5 in Stealth
  2378 | D:4      | Reached XP level 5. HP: 22/24 MP: 4/11
  2475 | D:4      | Reached XP level 6. HP: 24/28 MP: 8/12
  2588 | D:4      | Found a basalt altar of Yredelemnul.
  2674 | D:4      | Found a snail-covered altar of Cheibriados.
  2800 | D:4      | Found a hazy altar of Hepliaklqana.
  2852 | D:4      | Splashed by a jelly's acid

Illustrated notes

Levels and vault maps discovered:
D:1:      ncdulo_lavacross, layout_basic, serial_shops,
          nicolae_shop_window_shopping
D:2:      layout_basic, basic_altar
D:3:      layout_rooms, mainiacjoe_overflow_six_doors_small,
          minmay_crystal_room, kennysheep_crisscross,
          chequers_serial_rivers_marsh
D:4:      layout_cave_pools, kennysheep_little_box,
          gammafunk_temple_overflow_statue, mainiacjoe_overflow_big_doors,
          uniq_edmund

Skill      XL: |  1  2  3  4 |
---------------+-------------+-----
Short Blades   | 1 2 |  2.1
Stealth        | 4 5 |  5.5
Spellcasting   | 3 |  3.9
Hexes          | 4 |  4.4
Dodging        | |  1.5

Action                     |  1- 3 |  4- 6 || total
---------------------------+-------+-------++-------
  Melee: Dagger            |    84 |   114 ||   198
         Bite              |    13 |    27 ||    40
         Punch             |     1 |     2 ||     3
   Cast: Ensorcelled Hiber |     2 |     8 ||    10
         Tukima's Dance    |       |     2 ||     2
   Stab: Sleeping          |     9 |     8 ||    17
 Armour: Robe              |    54 |    40 ||    94
  Dodge: Dodged            |    52 |    61 ||   113
  Block: Other             |       |    14 ||    14
